 Dungeon Crawl Stone Soup version 0.32-a0-995-gb4a59205af (webtiles) character file.

Game seed: 11877795472703971517

6048 hikkokomori the Cleaver (level 10, -2/91 HPs)
             Began as a Mountain Dwarf Warper on Apr 21, 2024.
             Was an Initiate of Gozag.
             Killed from afar by a gargoyle (22 damage)
             ... with a stone arrow
             ... on level 10 of the Dungeon on Apr 22, 2024.
             The game lasted 00:35:32 (13004 turns).

hikkokomori the Cleaver (Mountain Dwarf Warper)    Turns: 13004, Time: 00:35:32

Health: -2/91      AC: 12    Str: 23    XL:     10   Next: 57%
Magic:  16/16      EV:  9    Int: 19    God:    Gozag
Gold:   286        SH:  0    Dex:  9    Spells: 3/17 levels left

rFire   + + .        H - +4 hand axe
rCold   . . .        (no shield)
rNeg    . . .        J - +0 scale mail of Cerealeo {rElec rF++ Str+3 Stlth-}
rPois   .            l - +0 helmet
rElec   +            (no cloak)
rCorr   .            w - +2 pair of gloves of the Cicada {Harm Str+3 Int+4}
SInv    .            o - +0 pair of boots
Will    +....        (no amulet) Stlth
                     E - ring of wizardry
HPRegen 0.35/turn    (no ring)
MPRegen 0.15/turn

%: harm (+30% outgoing, +20% incoming), wizardry (x1)
@: about to teleport
A: runic magic, artefact enchanting
a: Renounce Religion, Potion Petition, Call Merchant, Bribe Branch


You were on level 10 of the Dungeon.
You worshipped Gozag.
Gozag was aware of your devotion.
You visited 2 branches of the dungeon, and saw 11 of its levels.

You collected 1427 gold pieces.
You spent 592 gold pieces at shops.
You paid 549 gold pieces to Gozag.

Inventory:

Hand Weapons
 p - a +0 war axe
 H - a +4 hand axe (weapon)
 M - a +0 battleaxe of electrocution
Missiles
 d - 6 darts of dispersal
 s - 35 poisoned darts
 z - 3 boomerangs (quivered)
 B - 2 throwing nets
Armour
 b - a +0 leather armour
 g - a +0 chain mail
 l - a +0 helmet (worn)
 o - a +0 pair of boots (worn)
 r - a +0 ring mail
 w - the +2 pair of gloves of the Cicada (worn) {Harm Str+3 Int+4}
   (You bought it in a shop on level 7 of the Dungeon)

   Str+3:     It affects your strength (+3).
   Int+4:     It affects your intelligence (+4).
   Harm:      It increases damage dealt and taken.
 y - a +3 leather armour
 F - the +5 robe of Misfortune {Harm *Corrode *Slow EV+5}
   (You found it on level 8 of the Dungeon)

   EV+5:      It affects your evasion (+5).
   *Corrode:  It may corrode you when you take damage.
   *Slow:     It may slow you when you take damage.
   Harm:      It increases damage dealt and taken.
 J - the +0 scale mail of Cerealeo (worn) {rElec rF++ Str+3 Stlth-}
   (You bought it in a shop on level 7 of the Dungeon)

   Str+3:     It affects your strength (+3).
   rF++:      It greatly protects you from fire.
   rElec:     It insulates you from electricity.
   Stlth-:    It makes you less stealthy.
Jewellery
 E - a ring of wizardry (left hand)
Wands
 k - a wand of polymorph (3)
 m - a wand of digging (3)
 q - a wand of warping (14)
 G - a wand of flame (10)
Scrolls
 c - 2 scrolls of blinking
 e - 3 scrolls of revelation
 f - 2 scrolls of teleportation
 i - a scroll of enchant weapon
 t - a scroll of noise
 v - a scroll of torment
 D - a scroll of immolation
 K - a scroll of poison
Potions
 j - a potion of lignification
 n - 3 potions of curing
 u - a potion of might
 x - a potion of enlightenment {unknown}
 A - 3 potions of brilliance
 C - a potion of ambrosia
 I - a potion of cancellation {unknown}
 L - a potion of heal wounds {unknown}


   Skills:
 + Level 9.1 Fighting
 + Level 10.0 Axes
 - Level 4.0 Throwing
 + Level 4.1 Armour
 - Level 1.3 Dodging
 - Level 4.0 Spellcasting
 + Level 2.0 Conjurations
 - Level 5.0 Translocations
 - Level 2.0 Air Magic
 + Level 1.7 Alchemy
 - Level 5.0 Evocations


You had 3 spell levels left.
You knew the following spells:

 Your Spells              Type           Power      Damage    Failure   Level
a - Blink                 Tloc           44%        N/A       1%          2
b - Maxwell's Portable P  Tloc           22%        2d(7-20)  2%          3
c - Vhi's Electric Charg  Tloc/Air       34%        N/A       16%         4
d - Irradiate             Conj/Alch      5%         3d13      61%         5

Your spell library contained the following spells:

 Spells                   Type           Power      Damage    Failure   Level
 Lesser Beckoning         Tloc           44%        N/A       1%          2
 Teleport Other           Tloc           22%        N/A       2%          3
 Static Discharge         Conj/Air       22%        3-4/arc   4%          2
 Summon Small Mammal      Summ           12%        N/A       7%          1
 Inner Flame              Hex/Fire       3%         N/A       21%         3
 Arcjolt                  Conj/Air       5%         1d15      58%         5
 Ignition                 Fire           1%         3d3       100%        8
 Chain Lightning          Conj/Air       5%         3d7       100%        9
 Fire Storm               Conj/Fire      3%         8d1       100%        9
 Shatter                  Erth           1%         3d6*      100%        9


Dungeon Overview and Level Annotations

Branches:
Dungeon (10/15)            Temple (1/1) D:4            Lair (0/5) D:8
    Orc (0/2) D:10

Altars:
Ashenzari
Cheibriados
Dithmenos
Elyvilon
Fedhas
Gozag
Hepliaklqana
Kikubaaqudgha
Makhleb
Nemelex Xobeh
Okawaru
Qazlal
Ru
Sif Muna
Trog
Uskayaw
Vehumet
Wu Jian
Xom
Zin
The Shining One

Shops:
D:7 [   D:8 ?

Annotations:
D:9 1 runed translucent door, markshark's ghost, novice MiFi


Innate Abilities, Weirdness & Mutations

Your spellcasting is much less encumbered by armour.
You can use scrolls of enchantment on lesser artefacts.


Message History

You see here a +0 morningstar.
You now have 286 gold pieces (gained 5).
You see here 5 stones.
There is a stone staircase leading down here.
Found a stone staircase leading down.
There is a stone staircase leading down here.
Found a war axe.
Found a stone staircase leading up.
There is a stone staircase leading up here.
A gargoyle comes into view. It is wielding a +0 mace.
The gargoyle hits you with a +0 mace!
You hit the gargoyle but do no damage.
The gargoyle hurls a stone arrow at you.
The stone arrow hits you!
You hit the gargoyle but do no damage. You hit the gargoyle but do no damage.
The gargoyle hits you with a +0 mace!
You slash the gargoyle!
The gargoyle is moderately damaged.
The gargoyle hits you with a +0 mace!
You hit the gargoyle.
The gargoyle is moderately damaged.
The gargoyle hits you with a +0 mace.
As you read the scroll of teleportation, it crumbles to dust.
You feel strangely unstable. The gargoyle hits you with a +0 mace!
You completely miss the gargoyle.
The gargoyle is moderately damaged.
The gargoyle hits you with a +0 mace.
* * * LOW HITPOINT WARNING * * *
You hit the gargoyle.
The gargoyle is heavily damaged.
You hit the gargoyle but do no damage.
The gargoyle is heavily damaged.
The gargoyle hits you with a +0 mace.
* * * LOW HITPOINT WARNING * * *
You hit the gargoyle but do no damage.
The gargoyle is heavily damaged.
The gargoyle hurls a stone arrow at you.
The stone arrow hits you!!
You die...
Your body crumbles into a pile of gold.

#..#.### #.......
#...#... #. #.....##
####.##..#####
.............>
###..##.#####.
.############..##.# #.
.......@........#.#####.
.......9..............(.
#########.###.#.#.......
#.# #.#.##.#####
#.###.#.##.#
#.##...<...#
#......##### ####...#
#####


You could see a gargoyle.

Vanquished Creatures
  2 two-headed ogres
  Pikel (D:8)
  An ugly thing (D:9)
  A wraith (D:10)
  A steam dragon (D:7)
  A water moccasin (D:9)
  2 orc warriors (D:10)
  4 ice beasts
  4 sky beasts
  3 black bears
  A centaur (D:9)
  3 lemures (D:8)
  A phantom (D:5)
  3 kobold brigands
  A gnoll sergeant (D:9)
  2 bullfrogs (D:6)
  4 scorpions
  9 wights
  7 howler monkeys
  3 jellies
  2 bombardier beetles (D:5)
  4 hounds
  A gnoll bouda (D:7)
  5 orc priests
  3 iguanas
  Natasha (twice) (D:3)
  3 orc wizards
  Robin (D:3)
  9 gnolls
  7 adders
  2 white imps
  2 ribbon worms
  37 orcs
  4 bats
  5 endoplasms
  4 giant cockroaches
  13 goblins
  8 hobgoblins
  6 jackals (D:1)
  2 quokkas
  6 ball pythons
  9 frilled lizards
  18 kobolds
  4 rats
  A butterfly (D:9)
212 creatures vanquished.

Vanquished Creatures (others)
  An orc (D:9)
1 creature vanquished.

Grand Total: 213 creatures vanquished

Notes
Turn   | Place    | Note
-------+----------+-------------------------------------------
     0 | D:1      | hikkokomori the Mountain Dwarf Warper began the quest for
                  | the Orb.
     0 | D:1      | Reached XP level 1. HP: 17/17 MP: 3/3
   136 | D:1      | Reached skill level 1 in Throwing
   191 | D:1      | Reached XP level 2. HP: 22/25 MP: 5/5
   614 | D:1      | Reached skill level 3 in Axes
   640 | D:1      | Reached XP level 3. HP: 27/30 MP: 6/6
   938 | D:2      | Found a faded altar of an unknown god.
  1656 | D:2      | Reached XP level 4. HP: 31/38 MP: 7/7
  1760 | D:2      | Learned a level 2 spell: Blink
  1764 | D:2      | Learned a level 3 spell: Maxwell's Portable Piledriver
  2227 | D:3      | Noticed Robin
  2394 | D:3      | Killed Robin
  2424 | D:3      | Found a white marble altar of Elyvilon.
  3089 | D:3      | Found a hazy altar of Hepliaklqana.
  3092 | D:3      | Got the Almanac of the Zephyr
  3202 | D:3      | Reached XP level 5. HP: 45/45 MP: 8/8
  3399 | D:3      | Noticed Natasha
  3410 | D:3      | Killed Natasha
  3411 | D:3      | Reached skill level 4 in Axes
  3875 | D:3      | Noticed Natasha
  3886 | D:3      | Killed Natasha
  3917 | D:3      | Noticed Natasha
  3918 | D:3      | Natasha changed into Natasha the ribbon worm
  3918 | D:3      | Noticed Natasha
  3933 | D:3      | Killed Natasha the ribbon worm
  3978 | D:3      | Reached skill level 1 in Evocations
  3978 | D:3      | Reached XP level 6. HP: 17/52 MP: 10/10
  4510 | D:4      | Found a staircase to the Ecumenical Temple.
  4521 | Temple   | Entered the Ecumenical Temple
  4536 | Temple   | Became a worshipper of Gozag Ym Sagoz the Greedy
  5226 | D:5      | Entered Level 5 of the Dungeon
  5308 | D:5      | Noticed Blork the orc
  5309 | D:5      | Blork the orc changed into Blork the howler monkey
  5309 | D:5      | Noticed Blork
  5324 | D:5      | Killed Blork the howler monkey
  5344 | D:5      | Reached skill level 5 in Axes
  5750 | D:5      | Reached XP level 7. HP: 48/60 MP: 11/11
  6241 | D:5      | Reached skill level 5 in Fighting
  6715 | D:6      | Reached skill level 6 in Axes
  6715 | D:6      | Reached XP level 8. HP: 52/69 MP: 6/12
  7561 | D:6      | Found a sacrificial altar of Ru.
  7802 | D:6      | Learned a level 4 spell: Vhi's Electric Charge
  7863 | D:7      | Reached skill level 7 in Axes
  7952 | D:7      | Reached skill level 1 in Air Magic
  7952 | D:7      | Reached skill level 5 in Evocations
  8210 | D:7      | Reached XP level 9. HP: 55/78 MP: 15/15
  8399 | D:7      | Found a shimmering blue altar of Sif Muna.
  8399 | D:7      | Found an ancient bone altar of Kikubaaqudgha.
  8401 | D:7      | Found a radiant altar of Vehumet.
  8406 | D:7      | Got Sif Muna's Atlas of the Congregation
  8649 | D:7      | Reached skill level 8 in Axes
  9662 | D:7      | Bought a pair of faintly humming gloves for 304 gold pieces
  9662 | D:7      | Identified the +0 pair of gloves of the Cicada {Harm Str+3
                  | Int+4} (You bought it in a shop on level 7 of the Dungeon)
  9775 | D:7      | Upgraded the game from 0.32-a0-981-g384da2ce10 to
                  | 0.32-a0-995-gb4a59205af
  9798 | D:8      | Found an iron altar of Okawaru.
  9840 | D:8      | Found a snail-covered altar of Cheibriados.
 10242 | D:8      | Noticed Pikel
 10266 | D:8      | Killed Pikel
 10267 | D:8      | Reached skill level 5 in Translocations
 10267 | D:8      | Found a staircase to the Lair.
 10333 | D:8      | Found the +5 robe of Misfortune {Harm *Corrode *Slow EV+5}
 10373 | D:8      | Found Nounla's Magic Scroll Boutique.
 10487 | D:8      | Reached skill level 9 in Axes
 10945 | D:7      | Bought an ichor-stained scale mail for 288 gold pieces
 10945 | D:7      | Identified the +0 scale mail of Cerealeo {rElec rF++ Str+3
                  | Stlth-} (You bought it in a shop on level 7 of the Dungeon)
 11188 | D:9      | Found a hide-covered altar of Uskayaw.
 11198 | D:9      | Reached XP level 10. HP: 69/89 MP: 16/16
 11351 | D:9      | Found a runed translucent door.
 11374 | D:9      | Noticed markshark's ghost (novice MiFi)
 11483 | D:9      | Found a shimmering altar of Xom.
 11652 | D:9      | Found a shadowy altar of Dithmenos.
 11677 | D:9      | Noticed a cyan ugly thing
 11691 | D:9      | Noticed a two-headed ogre
 12070 | D:9      | Killed a two-headed ogre
 12089 | D:9      | Learned a level 5 spell: Irradiate
 12255 | D:9      | Killed a cyan ugly thing
 12256 | D:9      | Reached skill level 1 in Conjurations
 12451 | D:10     | Entered Level 10 of the Dungeon
 12451 | D:10     | Found a staircase to the Orcish Mines.
 12475 | D:10     | Reached skill level 1 in Alchemy
 12745 | D:10     | Found a blossoming altar of Fedhas.
 12852 | D:10     | Noticed a two-headed ogre
 12854 | D:10     | Killed a two-headed ogre
 12855 | D:10     | Reached skill level 10 in Axes
 12992 | D:10     | Noticed a gargoyle
 13004 | D:10     | Killed from afar by a gargoyle

Illustrated notes

Levels and vault maps discovered:
D:1:      lightli_arrival_statuegarden, layout_basic, serial_corexii_hall,
          corexii_hall_statues_t, corexii_hall_statues_i,
          corexii_hall_statues_l, corexii_hall_statues_t,
          corexii_hall_statues_x, chequers_hall_statues_wall_a,
          minmay_misc_feat_diagonals
D:2:      layout_basic, ebering_ecumenical_altar_webs,
          nicolae_concentric_dashed_squares_mild
D:3:      layout_basic, mainiacjoe_overflow_chevrons,
          nicolae_hepliaklqana_hippocampus, uniq_natasha, uniq_robin
D:4:      minmay_chambers_of_fours, layout_rooms,
          minmay_temple_entry_sparse_star
D:5:      layout_basic, columned_hall_lemuel, uniq_blork_the_orc
D:6:      layout_loops_cross, mainiacjoe_overflow_six_doors_small,
          nicolae_letterblocks [nicolae_letter_subblock,
          nicolae_letter_subblock, nicolae_letter_subblock,
          nicolae_letter_subblock, nicolae_letter_subblock,
          nicolae_letter_subblock, nicolae_letter_subblock,
          nicolae_letter_subblock, nicolae_letter_subblock,
          nicolae_letter_subblock, nicolae_letter_subblock,
          nicolae_letter_subblock, nicolae_letter_subblock,
          nicolae_letter_subblock, nicolae_letter_subblock,
          nicolae_letter_subblock, nicolae_letter_subblock,
          nicolae_letter_subblock, nicolae_letter_subblock,
          nicolae_letter_subblock, nicolae_letter_subblock,
          nicolae_letter_subblock, nicolae_letter_subblock,
          nicolae_letter_subblock, nicolae_letter_subblock]
D:7:      layout_basic, grunt_temple_overflow_magic_moments,
          dreamdust_princess_bridge, minmay_bent
D:8:      layout_loops_cross, mainiacjoe_overflow_catch_the_wave,
          dpeg_oklobed_lair, serial_shops, nicolae_shop_peninsula, uniq_pikel
D:9:      layout_roguey, nicolae_dithmenos_the_darkroom, xom_butterflies,
          nicolae_overflow_crystal_walls, ebering_ghost_reflecting_pool
D:10:     layout_loops_ring, mainiacjoe_overflow_tiny_flanked, kennysheep_mini,
          david_orc_3, uniq_sonja
Temple:   nicolae_temple_figure_zero

Skill      XL: |  1  2  3  4  5  6  7  8  9 10 |
---------------+-------------------------------+-----
Throwing       | 1 2 3 4 |  4.0
Spellcasting   | 2 3 4 |  4.0
Axes           | 3 4 5 6 7 9 10 | 10.0
Fighting       | 3 4 5 6 8 9 |  9.1
Evocations     | 1 2 3 5 |  5.0
Translocations | 3 4 5 |  5.0
Air Magic      | 1 2 |  2.0
Armour         | 4 |  4.1
Conjurations   | 2 |  2.0
Alchemy        | 1 |  1.7
Dodging        | |  1.3

Action                     |  1- 3 |  4- 6 |  7- 9 | 10-12 || total
---------------------------+-------+-------+-------+-------++-------
  Melee: Hand axe          |   128 |   278 |   430 |    79 ||   915
         Unarmed           |       |     8 |       |       ||     8
  Throw: Boomerang         |       |       |     7 |       ||     7
         Dart              |       |       |     1 |       ||     1
   Cast: Maxwell's Portabl |       |     5 |    16 |       ||    21
         Vhi's Electric Ch |       |       |     2 |     1 ||     3
 Invoke: Call Merchant     |       |       |     1 |       ||     1
  Evoke: Wand              |       |     3 |    20 |    14 ||    37
    Use: Scroll            |     2 |     8 |     7 |     2 ||    19
         Potion            |     2 |     1 |     2 |     1 ||     6
 Armour: Leather armour    |    68 |    92 |    70 |    31 ||   261
         Skin              |     4 |     8 |    23 |       ||    35
         Ring mail         |       |    97 |   261 |       ||   358
         Scale mail        |       |       |       |    47 ||    47
  Dodge: Dodged            |    68 |   181 |   185 |    26 ||   460

Table legend: (Time is in decaauts)
 A = Elapsed time spent in this place.
 B = Non-inter-level travel time spent in this place.
 C = Inter-level travel time spent in this place.
 D = Time resting spent in this place.
 E = Time spent auto-exploring this place.
 F = Levels seen in this place.
 G = Mean time per level.
                   A        B        C        D        E       F      G
               +--------+--------+--------+--------+--------+-----+--------+
         Total |  13023 |  12592 |    431 |   1439 |   8715 |  11 | 1183.9 |
       Dungeon |  12996 |  12565 |    431 |   1439 |   8715 |  10 | 1299.6 |
        Temple |     26 |     26 |      0 |      0 |      0 |   1 |   26.0 |
               +--------+--------+--------+--------+--------+-----+--------+

Top non-repeatable levels by time:
     D:7: 1915 daAuts
     D:3: 1888 daAuts
     D:2: 1452 daAuts
     D:9: 1417 daAuts
     D:5: 1412 daAuts
     D:8: 1357 daAuts
     D:6: 1284 daAuts
     D:4: 1029 daAuts
     D:1: 877 daAuts
    D:10: 363 daAuts
  Temple: 26 daAuts
